 Dungeon Crawl Stone Soup version 0.29-a0-732-g3d7fbe0af2 (webtiles) character file.

Game seed: 1868058694027373589

24901 zeratav the Marksspriggan (level 12, -12/55 (64) HPs)
             Began as a Spriggan Hunter on June 29, 2022.
             Was a Believer of Dithmenos.
             Mangled by an ogre
             ... wielding a +0 giant club
             ... led by an orc knight
              (25 damage)
             ... on level 1 of the Orcish Mines.
             The game lasted 00:28:51 (15686 turns).

zeratav the Marksspriggan (Spriggan Hunter)        Turns: 15686, Time: 00:28:52

HP:   -12/55 (64)   AC: 13    Str:  7    XL:     12   Next: 84%
MP:   13/13         EV: 41    Int: 10    God:    Dithmenos [**....]
Gold: 1007          SH:  0    Dex: 24    Spells: 11/11 levels left

rFire   . . .      SeeInvis +   S - +1 shortbow (freeze) {bow}
rCold   . . .      Faith    .   (shield currently unavailable)
rNeg    . . .      Spirit   .   L - +3 troll leather armour
rPois   .          Reflect  .   (helmet restricted)
rElec   .          Harm     .   f - +0 cloak
rCorr   .          Rampage  .   (gloves unavailable)
Will    ++...                   (boots unavailable)
Stlth   ++++......              B - amulet of the acrobat
HPRegen 0.98/turn               g - +4 ring of protection
MPRegen 0.13/turn               a - ring of Kimnits {Wiz Slay+2}

@: acrobatic, wreathed by umbra, heavily drained, very quick
A: very small, no large weapons, unfitting armour, see invisible, speed 3
a: Renounce Religion, Shadow Step


You were on level 1 of the Orcish Mines.
You worshipped Dithmenos.
Dithmenos was pleased with you.
You visited 3 branches of the dungeon, and saw 15 of its levels.
You also visited: Bailey.

You collected 1007 gold pieces.


Innate Abilities, Weirdness & Mutations

You are very small and have problems with some larger weapons.
You are too small for most types of armour.
You have supernaturally acute eyesight. (SInv)
You cover ground extremely quickly. (Speed+++)


   Skills:
 - Level 8.0 Fighting
 - Level 18.0 Ranged Weapons
 - Level 6.0 Armour
 - Level 10.5 Dodging
 - Level 5.0 Stealth
 + Level 6.6 Hexes
 - Level 3.3 Translocations
 - Level 3.1 Transmutations


You had 11 spell levels left.
You didn't know any spells.
Your spell library contained the following spells:

 Spells                   Type           Power      Damage    Failure   Level
 Slow                     Hex            52%        N/A       1%          1
 Confusing Touch          Hex            13%        N/A       4%          3
 Tukima's Dance           Hex            13%        N/A       4%          3
 Ensorcelled Hibernation  Hex/Ice        12%        N/A       9%          2
 Sting                    Tmut/Pois      12%        1d3       12%         1
 Passwall                 Tmut/Erth      2%         N/A       17%         2
 Freeze                   Ice            0%         1d3       21%         1
 Magic Dart               Conj           0%         1d3       21%         1
 Sandblast                Erth           0%         2d4       21%         1
 Shock                    Conj/Air       0%         1d3       21%         1
 Poisonous Vapours        Pois/Air       0%         N/A       32%         2
 Searing Ray              Conj           0%         2d4       32%         2
 Fulminant Prism          Conj/Hex       3%         3d6       45%         4
 Passage of Golubria      Tloc           6%         N/A       45%         4
 Frozen Ramparts          Ice            0%         1d2       52%         3
 Stone Arrow              Conj/Erth      0%         3d7       52%         3
 Swiftness                Air            0%         N/A       52%         3
 Vampiric Draining        Necr           0%         2d6       52%         3
 Yara's Violent Unravell  Hex/Tmut       4%         3d4       58%         5
 Airstrike                Air            0%         N/A       88%         4
 Hailstorm                Conj/Ice       0%         3d3       88%         4
 Olgreb's Toxic Radiance  Pois           0%         N/A       88%         4

Inventory:

Hand Weapons
 y - a +3 long sword of protection {long}
   (You found it on level 11 of the Dungeon)
 O - a +2 scimitar of flaming {long}
   (You took it off Erica on level 9 of the Dungeon)
 S - a +1 shortbow of freezing (weapon) {bow}
   (You took it off a centaur on level 11 of the Dungeon)
Armour
 f - a +0 cloak (worn)
   (You found it on level 7 of the Dungeon)
 E - a +0 buckler
   (You took it off a tengu conjurer on level 9 of the Dungeon)
 I - the +4 fire dragon scales "Patt" {Rampage rElec rF++ rC-}
   (You found it in a bailey)

   rF:        It greatly protects you from fire.
   rC:        It makes you vulnerable to cold.
   rElec:     It insulates you from electricity.
   Rampage:   It bestows one free step when moving towards enemies.
 L - a +3 troll leather armour (worn)
   (You found it on level 10 of the Dungeon)
 P - a +2 robe of fire resistance
   (You took it off Erica on level 9 of the Dungeon)
Jewellery
 a - the ring of Kimnits (right hand) {Wiz Slay+2}
   (You took it off a kobold on level 11 of the Dungeon)

   [ring of wizardry]

   It improves your spell success rate.
   Slay:      It affects your accuracy & damage with ranged weapons and melee
   (+2).
 c - a ring of ice
   (You found it on level 10 of the Dungeon)
 g - a +4 ring of protection (left hand)
   (You found it on level 1 of the Dungeon)
 n - a ring of protection from cold
   (You found it on level 4 of the Dungeon)
 s - a ring of resist corrosion
   (You found it on level 3 of the Dungeon)
 B - an amulet of the acrobat (around neck)
   (You found it on level 8 of the Dungeon)
 G - a ring of protection from cold
   (You found it on level 8 of the Dungeon)
 H - an amulet of regeneration {@e2}
   (You found it in a bailey)
 V - an amulet of magic regeneration {@e2}
   (You found it on level 11 of the Dungeon)
Wands
 t - a wand of iceblast (23)
   (You found it on level 7 of the Dungeon)
 u - a wand of flame (48)
   (You took it off Natasha on level 3 of the Dungeon)
 w - a wand of mindburst (8)
   (You found it on level 6 of the Dungeon)
 F - a wand of acid (10)
   (You took it off Maurice on level 8 of the Dungeon)
 K - a wand of paralysis (18)
   (You found it on level 9 of the Dungeon)
 W - a wand of digging (7)
   (You found it on level 11 of the Dungeon)
 X - a wand of polymorph (2)
   (You found it on level 11 of the Dungeon)
Scrolls
 b - a scroll of immolation {!r!r}
 e - 4 scrolls of fog
 h - 4 scrolls of vulnerability {!r!r}
 j - 2 scrolls of blinking {!r}
 k - 6 scrolls of teleportation {@r4}
 p - 9 scrolls of enchant weapon
 q - 4 scrolls of poison {!r}
 v - a scroll of torment {!r}
 z - a scroll of enchant armour
 C - 2 scrolls of summoning {unknown}
 M - a scroll of magic mapping {unknown}
 N - a scroll of brand weapon {unknown}
 Q - a scroll of silence {unknown}
 U - 3 scrolls of identify {@r1}
Potions
 d - 3 potions of heal wounds {@q2}
 l - 2 potions of lignification {!q}
 m - 3 potions of mutation {!q}
 o - 5 potions of curing {@q1}
 r - 2 potions of ambrosia
 x - 4 potions of cancellation {unknown}
 A - 3 potions of brilliance {unknown}
 D - 2 potions of attraction {unknown}
 J - a potion of invisibility {unknown}
 R - a potion of haste {unknown}
 T - a potion of flight {unknown}

Dungeon Overview and Level Annotations

Branches:
Dungeon (13/15) Zot: 26304  Temple (1/1) D:4 Zot: 5998    Lair (0/6) D:10
    Orc (1/2) D:12 Zot: 5964  Vaults (0/5) D:13         Bailey (visited)

Altars:
Ashenzari
Cheibriados
Dithmenos
Elyvilon
Fedhas
Gozag
Hepliaklqana
Kikubaaqudgha
Makhleb
Nemelex Xobeh
Okawaru
Qazlal
Ru
Sif Muna
Trog
Uskayaw
Vehumet
Wu Jian
Xom
Yredelemnul
Zin
The Shining One

Shops:
D:1 *[[*   D:3 :   D:10 *[*   D:11 *

Portals:
Abyss: D:8

Annotations:
D:8 2 transporters, YayAnonymity's ghost, novice FoHu
D:10 exclusion: 2 oklob plants
D:12 Gastronok
D:13 Nessos; Rupert
Orc:1 Nergalle; Snorg

##.### ..#
###....##...#.
####...$.......o.
#.#.....#.##.#.#
..............##
..#..........#.##
.........$..#...####
...........##...@#.####
.........#T#.).O....#.##
....>......o.).o.......#
#..........O......#.#.##
#........)..oo..####.##
....o...o...##.###.##h##
..o.o.><).....T##......#
..O...).#...)$oo...##.##
.........#....o#...##h##


You could see Snorg, a warg, an orc warrior, 2 ogres, an orc wizard and 3 orcs.


Message History

You kill the orc warrior!
Dithmenos accepts your kill.
Nergalle the Soulbinder comes into view.
She is wielding a +3 dagger of speed.
You shoot an arrow.
Nergalle shouts!
The arrow hits the orc.
The arrow freezes the orc.
An orc comes into view. It is wielding a +0 club.
The orc barely misses you.
You shoot an arrow. The arrow hits the orc!
The arrow freezes the orc.
You kill the orc!
Dithmenos accepts your kill.
You shoot an arrow. The arrow hits the orc wizard!
The arrow freezes the orc wizard.
An orc knight comes into view. It is wielding a +0 dire flail.
You shoot an arrow.
The arrow closely misses the orc wizard.
The arrow hits the orc wizard.
The arrow freezes the orc wizard.
The orc knight roars a battlecry!
The orcs go into a battle-frenzy!
You hear a shout!
You shoot an arrow. The arrow barely misses the orc wizard.
The arrow hits the orc wizard.
The arrow freezes the orc wizard.
An orc wizard comes into view. It is wielding a +0 dagger.
An orc comes into view. It is wielding a +0 flail.
The orc wizard hits you but does no damage.
You shoot an arrow. The orc shouts!
The orc wizard shouts!
The arrow hits the orc wizard!
The arrow freezes the orc wizard.
You kill the orc wizard!
Dithmenos accepts your kill.
You hear a howl!
You hear a shout!
You shoot an arrow. The arrow barely misses the orc wizard.
You shoot an arrow. The arrow hits the orc wizard.
The arrow freezes the orc wizard.
Nergalle gestures at you while chanting.
The bolt of negative energy hits you!!
You feel drained.
The bolt of negative energy hits the orc wizard!
The orc wizard is drained!
The orc wizard dies!
HP[-30]
You now have 61 max hp (-3).
You take 30 damage, and now have 34/61 hp.
MASSIVE DAMAGE!! (PAUSE)
You shoot an arrow. The arrow closely misses Nergalle.
A warg comes into view.
HP[+1]
You shoot an arrow. The arrow closely misses Nergalle.
The orc knight roars a battlecry!
The orcs go into a battle-frenzy!
An orc comes into view. It is wielding a +0 trident.
An orc warrior comes into view.
It is wielding a +0 war axe and wearing a +0 chain mail of cold resistance.
An ogre comes into view. It is wielding a +0 giant club.
The orc warrior shouts!
The orc shouts!
HP[+1] Snorg and an orc come into view.
You hear a shout!
HP[+1] Snorg shouts!
Nergalle points at you and mumbles some strange words.
The bolt of negative energy hits you!
You feel drained.
* * * LOW HITPOINT WARNING * * *
HP[-15]
You now have 58 max hp (-3).
You take 15 damage, and now have 22/58 hp.
MASSIVE DAMAGE!! (PAUSE)
An orc wizard comes into view. It is wielding a +0 dagger.
HP[+1] HP[+1] HP[+1] HP[+1]
The orc wizard gestures at you while chanting.
You resist with almost no effort.
HP[+1] Nergalle points at you and mumbles some strange words.
The bolt of negative energy hits you!!
You feel drained.
* * * LOW HITPOINT WARNING * * *
HP[-25]
You now have 55 max hp (-3).
You take 25 damage, and now have 2/55 hp.
MASSIVE DAMAGE!! (PAUSE) HP[+1] HP[+1] HP[+1] HP[+1] HP[+1] HP[+1] HP[+1]
Aiming: Dig
Press: ? - help, Q - select action, (/) - cycle Shift-Dir - straight line, p - Nergalle You can't see that place. [the floor.]
The rock shatters into small pieces.
You hear a shout!
HP[+1] HP[+1]
The orc shouts!
An ogre comes into view. It is wielding a +0 giant spiked club.
HP[+1]
The ogre hits you with a +0 giant club!!
You die...

Skill      XL: |  1  2  3  4  5  6  7  8  9 10 11 12 |
---------------+-------------------------------------+-----
Ranged Weapons | 5 6 7 8 10 11 14 16 18 | 18.0
Stealth        | 3 5 |  5.0
Fighting       | 4 7 8 |  8.0
Dodging        | 7 10 | 10.5
Armour         | 4 6 |  6.0
Translocations | 3 |  3.3
Transmutations | 3 |  3.1
Hexes          | 6 |  6.6

Action                   |  1- 3 |  4- 6 |  7- 9 | 10-12 || total
-------------------------+-------+-------+-------+-------++-------
Melee: Shortbow          |       |     1 |       |       ||     1
 Fire: Shortbow          |    68 |   190 |   174 |   417 ||   849
       Sling             |       |       |   301 |   401 ||   702
Evoke: Wand              |       |       |     1 |     4 ||     5
  Use: Scroll            |       |       |    16 |     4 ||    20
Armor: Robe              |     4 |    10 |    26 |     7 ||    47
       Troll leather arm |       |       |       |    20 ||    20
Dodge: Dodged            |    11 |    47 |   159 |   225 ||   442

Levels and vault maps discovered:
D:1:      dpeg_arrival_long_road, layout_loops_ring, serial_shops, shop, shop,
          shop, shop
D:2:      layout_basic, nicolae_grassy_gnolls, uniq_jessica, uniq_terence
D:3:      layout_loops_ring, nicolae_ashenzari_panopticon, serial_shops,
          nicolae_shop_trees, hellmonk_ecumenical_altar_slurped_away,
          uniq_natasha
D:4:      layout_basic, grunt_gozag_statues, minmay_temple_entry_butterflies
D:5:      layout_basic
D:6:      layout_basic
D:7:      layout_basic, nicolae_overflow_crystal_walls, minmay_holes,
          st_stairs_4
D:8:      layout_cave_pods, mainiacjoe_overflow_alcove_2,
          gammafunk_ghost_abyssal_escape, enter_bailey_3,
          nicolae_figureground_sparkle, uniq_maurice
D:9:      hangedman_cross_stitches, layout_small_grid,
          onia_ninara_dug_in_and_dangerous, uniq_erica
D:10:     layout_gridville, lemuel_tele_altar, fedhas_ov_isle_minmay,
          mainiacjoe_overflow_brackets, dpeg_oklobed_lair,
          nicolae_stop_n_shop_2, minmay_shop_mayhem,
          wad_floor_pattern_untrapped, nicolae_shop_fire_sale
          [nicolae_sub_dead_trees], corexii_leaking_fountain,
          minmay_misc_feat_hallway
D:11:     minmay_skewed_foursquare, layout_loops_ring,
          minmay_misc_feat_secret_circle, nicolae_shop_sticking_my_neck_out
D:12:     layout_basic, minmay_orc_entry_guard_dogs, uniq_gastronok
D:13:     cheibrodos_ideogram_h, layout_irregular_city, david_vaults_3,
          nicolae_qazlal_style_of_elements, uniq_josephine
Temple:   minmay_freezing_vapour_temple
Orc:1:    layout_caves, uniq_harold, uniq_snorg, uniq_nergalle

Notes
Turn   | Place    | Note
-------+----------+-------------------------------------------
     0 | D:1      | zeratav the Spriggan Hunter began the quest for the Orb.
     0 | D:1      | Reached XP level 1. HP: 10/10 MP: 2/2
     0 | D:1      | magus.rc [v1.9.6]
     5 | D:1      | You pick up a book of Geomancy and begin reading...
     5 | D:1      | You add the spells Sandblast, Passwall and Stone Arrow to
                  | your library.
    36 | D:1      | Found Yxyiklenou's Armour Shop.
    54 | D:1      | Reached skill level 5 in Ranged Weapons
    96 | D:1      | Reached XP level 2. HP: 14/14 MP: 3/3
   198 | D:1      | Found Xecopo's General Store.
   286 | D:1      | Found Alentubb's Assorted Antiques.
   357 | D:1      | Found Onkyvurph's Antique Armour Boutique.
   373 | D:1      | Reached skill level 6 in Ranged Weapons
   474 | D:1      | Reached XP level 3. HP: 18/18 MP: 4/4
   755 | D:2      | You fall into a shaft and drop 2 floors!
   908 | D:4      | Noticed a scorpion
   913 | D:4      | Killed a scorpion
   914 | D:4      | Reached skill level 7 in Ranged Weapons
   914 | D:4      | Reached XP level 4. HP: 22/22 MP: 5/5
  1119 | D:4      | Reached XP level 5. HP: 25/25 MP: 6/6
  1122 | D:4      | Reached skill level 8 in Ranged Weapons
  1141 | D:4      | Found an opulent altar of Gozag.
  1342 | D:4      | You pick up a book of Frost and begin reading...
  1342 | D:4      | You add the spells Freeze, Frozen Ramparts and Hailstorm to
                  | your library.
  1385 | D:4      | Reached XP level 6. HP: 16/30 MP: 7/7
  1603 | D:4      | Reached skill level 9 in Ranged Weapons
  1692 | D:4      | Found a staircase to the Ecumenical Temple.
  1702 | Temple   | Entered the Ecumenical Temple
  2068 | D:3      | You pick up a book of Debilitation and begin reading...
  2068 | D:3      | You add the spells Slow, Vampiric Draining and Confusing
                  | Touch to your library.
  2349 | D:3      | Noticed Natasha
  2357 | D:3      | Killed Natasha
  2365 | D:3      | Noticed Natasha
  2371 | D:3      | Killed Natasha
  2637 | D:3      | Found a broken altar of Ashenzari.
  2692 | D:3      | Found Beistrug's Book Emporium.
  2731 | D:3      | Noticed Natasha
  2735 | D:3      | Killed Natasha
  2736 | D:3      | Reached skill level 10 in Ranged Weapons
  2736 | D:3      | Reached skill level 2 in Stealth
  2965 | D:3      | Found a faded altar of an unknown god.
  3104 | D:2      | Noticed Terence
  3120 | D:2      | Identified the +1 scale mail of Purpose {Int+5}
  3140 | D:2      | Killed Terence
  3141 | D:2      | Reached skill level 3 in Stealth
  3141 | D:2      | Reached XP level 7. HP: 33/33 MP: 8/8
  3504 | D:2      | Noticed Jessica
  3505 | D:2      | Killed Jessica
  3544 | D:2      | Reached skill level 4 in Stealth
  4165 | D:5      | Entered Level 5 of the Dungeon
  4178 | D:5      | Reached skill level 5 in Stealth
  4730 | D:5      | HP: 7/33 [ogre/+0 giant spiked club (26)]
  4760 | D:4      | Reached skill level 11 in Ranged Weapons
  5421 | D:6      | Reached XP level 8. HP: 37/37 MP: 9/9
  5511 | D:6      | You pick up a book of Burglary and begin reading...
  5511 | D:6      | You add the spells Ensorcelled Hibernation and Swiftness to
                  | your library.
  5631 | D:6      | Reached skill level 12 in Ranged Weapons
  5852 | D:6      | You pick up a book of Conjurations {@e2} and begin
                  | reading...
  5852 | D:6      | You add the spells Magic Dart, Searing Ray and Fulminant
                  | Prism to your library.
  6450 | D:7      | Found a hazy altar of Hepliaklqana.
  6456 | D:7      | Reached skill level 13 in Ranged Weapons
  7051 | D:7      | Reached skill level 14 in Ranged Weapons
  7331 | D:8      | Reached XP level 9. HP: 41/41 MP: 10/10
  7792 | D:8      | Noticed a toenail golem
  7797 | D:8      | Found a one-way gate to the infinite horrors of the Abyss.
  7797 | D:8      | Noticed YayAnonymity's ghost (novice FoHu)
  7830 | D:8      | Reached skill level 15 in Ranged Weapons
  7835 | D:8      | Found a transporter.
  7839 | D:8      | Found a transporter.
  7906 | D:8      | Noticed Maurice
  7929 | D:8      | Killed Maurice
  7972 | D:8      | Found a flagged portal.
  7979 | Bailey   | Entered a bailey
  8114 | Bailey   | Reached skill level 16 in Ranged Weapons
  8231 | Bailey   | Identified the +4 fire dragon scales "Patt" {Rampage rElec
                  | rF++ rC-}
  8552 | D:8      | Noticed a thrashing horror
  8874 | D:8      | Found an ancient bone altar of Kikubaaqudgha.
  9286 | D:9      | HP: 9/41 [orc warrior/+0 long sword (12)]
  9307 | D:8      | Reached XP level 10. HP: 12/46 MP: 11/11
  9357 | D:8      | Reached skill level 17 in Ranged Weapons
  9794 | D:9      | Reached skill level 18 in Ranged Weapons
  9815 | D:9      | Reached skill level 2 in Fighting
  9815 | D:9      | Reached skill level 3 in Dodging
  9861 | D:9      | Reached skill level 4 in Dodging
 10240 | D:9      | Noticed Erica
 10250 | D:9      | HP: 11/47 [poisoned by Erica (bolt of poison)]
 10255 | D:9      | HP: 7/47 [poisoned by Erica (bolt of poison)]
 10261 | D:9      | HP: 3/47 [poisoned by Erica (bolt of poison)]
 10331 | D:9      | Reached skill level 3 in Fighting
 10654 | D:9      | Reached skill level 5 in Dodging
 10718 | D:9      | Found the +7 Singing Sword {vorpal, sonic wave}
 10731 | D:9      | Noticed a wizard
 10731 | D:9      | Noticed a wizard
 10732 | D:9      | Noticed a purple ugly thing
 10735 | D:9      | Noticed a seven-headed hydra
 10969 | D:9      | Noticed a ghost moth
 10972 | D:9      | Noticed a manticore
 10973 | D:9      | Noticed a torpor snail
 10975 | D:9      | Noticed an orb spider
 10975 | D:9      | a torpor snail changed into an orb spider
 11183 | D:9      | Noticed a faun
 11240 | D:9      | Killed Erica
 11241 | D:9      | Reached skill level 6 in Dodging
 11286 | D:10     | Entered Level 10 of the Dungeon
 11286 | D:10     | Noticed a two-headed ogre
 11303 | D:9      | Killed a two-headed ogre
 11304 | D:9      | Reached skill level 4 in Fighting
 11337 | D:10     | Reached skill level 7 in Dodging
 11417 | D:10     | Found Ajime's Fire Supplies.
 11445 | D:10     | Reached XP level 11. HP: 54/54 MP: 12/12
 11487 | D:10     | Found Doegh's Armour Boutique.
 11528 | D:10     | Found a shadowy altar of Dithmenos.
 11547 | D:10     | Noticed a two-headed ogre
 11553 | D:10     | Found Nuenuoj's Mayhem Merchandise.
 11575 | D:10     | Became a worshipper of Dithmenos the Shadowed
 11836 | D:9      | Killed a two-headed ogre
 11837 | D:9      | Reached skill level 5 in Fighting
 11837 | D:9      | Reached skill level 8 in Dodging
 11898 | D:10     | Found a blossoming altar of Fedhas.
 11955 | D:10     | Found a shimmering blue altar of Sif Muna.
 12058 | D:10     | Noticed an oklob plant
 12058 | D:10     | Noticed an oklob plant
 12061 | D:10     | HP: 4/56 [oklob plant/splash of acid (34)]
 12433 | D:10     | Found a staircase to the Lair.
 12573 | D:11     | You add the spells Tukima's Dance, Passage of Golubria and
                  | Yara's Violent Unravelling to your library.
 12660 | D:11     | Reached skill level 1 in Armour
 12674 | D:11     | Reached skill level 9 in Dodging
 12770 | D:11     | Noticed a two-headed ogre
 12782 | D:11     | Killed a two-headed ogre
 12783 | D:11     | Reached skill level 2 in Armour
 12800 | D:11     | Identified the ring of Kimnits {Wiz Slay+2}
 12987 | D:11     | Reached skill level 6 in Fighting
 13064 | D:11     | Found Ulujao's Neck Hole.
 13156 | D:11     | Noticed a six-headed hydra
 13175 | D:11     | Killed a six-headed hydra
 13292 | D:11     | Reached skill level 10 in Dodging
 13307 | D:11     | Reached skill level 3 in Armour
 13631 | D:11     | Reached * piety under Dithmenos
 13716 | D:12     | You pick up a book of Air and begin reading...
 13716 | D:12     | You add the spells Shock and Airstrike to your library.
 13741 | D:12     | Noticed a two-headed ogre
 13747 | D:12     | Killed a two-headed ogre
 13748 | D:12     | Reached skill level 7 in Fighting
 13748 | D:12     | Reached skill level 4 in Armour
 13763 | D:12     | You add the spells Sting, Poisonous Vapours and Olgreb's
                  | Toxic Radiance to your library.
 13766 | D:12     | Noticed Gastronok
 13837 | D:12     | Reached XP level 12. HP: 56/63 MP: 13/13
 13991 | D:12     | Found a staircase to the Orcish Mines.
 14202 | D:12     | Reached skill level 5 in Armour
 14312 | D:12     | Noticed a two-headed ogre
 14318 | D:12     | Killed a two-headed ogre
 14319 | D:12     | Reached skill level 8 in Fighting
 14747 | D:13     | Noticed Rupert
 14747 | D:13     | Noticed Nessos
 14747 | D:13     | Found a gate to the Vaults.
 14975 | D:12     | Reached skill level 6 in Armour
 15012 | D:12     | Reached skill level 1 in Translocations
 15012 | D:12     | Reached skill level 1 in Transmutations
 15014 | D:12     | Reached skill level 1 in Hexes
 15073 | D:13     | Reached skill level 2 in Translocations
 15074 | D:13     | Reached ** piety under Dithmenos
 15075 | D:13     | Reached skill level 2 in Hexes
 15075 | D:13     | Reached skill level 2 in Transmutations
 15129 | D:12     | Reached skill level 3 in Translocations
 15202 | D:12     | Reached skill level 3 in Transmutations
 15292 | D:13     | Reached skill level 3 in Hexes
 15396 | D:13     | Reached skill level 4 in Hexes
 15415 | D:13     | Reached skill level 5 in Hexes
 15421 | D:13     | Noticed Josephine
 15429 | D:13     | Killed Josephine
 15430 | D:13     | Reached skill level 6 in Hexes
 15452 | D:13     | Noticed a centaur warrior
 15633 | Orc:1    | Entered Level 1 of the Orcish Mines
 15644 | Orc:1    | Noticed Nergalle
 15656 | Orc:1    | Noticed Snorg
 15668 | Orc:1    | HP: 2/55 [Nergalle/bolt of negative energy (26)]
 15686 | Orc:1    | Mangled by an ogre

Vanquished Creatures
  Josephine (D:13)
  A hydra (D:11)
  Erica (D:9)
  5 two-headed ogres
  An orc knight (D:12)
  A deep elf pyromancer (D:12)
  2 ugly things (D:12)
  10 slime creatures
  5 cyclopes
  A manticore (D:13)
  Maurice (D:8)
  A gargoyle (D:11)
  3 kobold demonologists (D:11)
  A komodo dragon (D:11)
  A tengu conjurer (D:9)
  3 trolls
  2 hornets
  3 shadows
  10 yaks
  4 wyverns
  A basilisk (D:13)
  2 vampires
  6 wraiths
  14 humans
  3 steam dragons
  3 wargs (D:12)
  2 acid dragons (D:11)
  4 water moccasins
  An ice beast (D:7)
  A sky beast (D:8)
  7 orc warriors
  3 black bears
  An ogre (D:4)
  3 centaurs
  2 bullfrogs
  3 kobold brigands
  4 scorpions
  10 wights
  4 howler monkeys
  2 killer bees
  3 electric eels (D:12)
  8 hounds
  4 orc priests
  A gnoll shaman (D:4)
  4 iguanas
  Jessica (D:2)
  Terence (D:2)
  11 orc wizards
  Natasha (thrice) (D:3)
  9 gnolls
  7 adders
  2 shadow imps
  A white imp (D:7)
  An ufetubus (D:6)
  2 worms
  5 dart slugs
  47 orcs
  10 ball pythons
  9 endoplasms
  3 giant cockroaches
  10 goblins
  3 hobgoblins
  6 jackals
  3 quokkas
  6 bats
  5 frilled lizards
  15 kobolds
  3 rats
316 creatures vanquished.

Vanquished Creatures (others)
  An orc wizard (Orc:1)
  A plant (D:2)
2 creatures vanquished.

Grand Total: 318 creatures vanquished

Table legend:
 A = Non-vault XP
 B = Vault XP
 C = Vault XP percentage of total XP
 D = Non-vault monster count
 E = Vault monster count
 F = Vault count percentage of total count
                 A         B        C        D         E       F
            +---------+---------+-------+---------+---------+-------
      Total |   23977 |   11597 |  32.6 |     243 |      74 |  23.3
            +---------+---------+-------+---------+---------+-------
        D:1 |      53 |       0 |   0.0 |      30 |       0 |   0.0
        D:2 |      17 |     115 |  87.1 |       9 |       5 |  35.7
        D:3 |     159 |      35 |  18.0 |      26 |       2 |   7.1
        D:4 |     599 |       0 |   0.0 |      32 |       0 |   0.0
        D:5 |     431 |       0 |   0.0 |      11 |       0 |   0.0
        D:6 |     605 |       0 |   0.0 |      21 |       0 |   0.0
        D:7 |     459 |     323 |  41.3 |       9 |       2 |  18.2
        D:8 |    1271 |     787 |  38.2 |      17 |       8 |  32.0
        D:9 |    4240 |    1992 |  32.0 |      18 |       8 |  30.8
       D:10 |    2221 |       0 |   0.0 |      18 |       0 |   0.0
       D:11 |    4962 |    1773 |  26.3 |      19 |       5 |  20.8
       D:12 |    7435 |    2321 |  23.8 |      21 |      10 |  32.3
       D:13 |    1282 |    3787 |  74.7 |       5 |      14 |  73.7
      Orc:1 |     243 |       0 |   0.0 |       7 |       0 |   0.0
     Bailey |       0 |     464 | 100.0 |       0 |      20 | 100.0
            +---------+---------+-------+---------+---------+-------

Illustrated notes

Table legend:
 A = Kills in this place as a percentage of kills in entire the game.
 B = Kills by you in this place as a percentage of kills by you in the entire game.
 C = Kills by friends in this place as a percentage of kills by friends in the entire game.
 D = Other kills in this place as a percentage of other kills in the entire game.
 E = Experience gained in this place as a percentage of experience gained in the entire game.
 F = Experience gained in this place divided by the number of levels of this place that you have seen.
                   A       B       C       D       E      F
               +-------+-------+-------+-------+-------+----------------------
         Total | 100.0 | 100.0 |   N/A | 100.0 | 100.0 | 2223.4
       Dungeon |  91.5 |  91.8 |   N/A |   0.0 |  98.0 | 2682.1
  Orcish Mines |   2.2 |   1.9 |   N/A | 100.0 |   0.7 | 243.0
        Bailey |   6.3 |   6.3 |   N/A |   0.0 |   1.3 | 464.0
               +-------+-------+-------+-------+-------+----------------------

Table legend: (Time is in decaauts)
 A = Elapsed time spent in this place.
 B = Non-inter-level travel time spent in this place.
 C = Inter-level travel time spent in this place.
 D = Time resting spent in this place.
 E = Time spent auto-exploring this place.
 F = Levels seen in this place.
 G = Mean time per level.
                   A        B        C        D        E       F      G
               +--------+--------+--------+--------+--------+-----+--------+
         Total |  11278 |  10874 |    404 |   2023 |   6211 |  16 |  704.9 |
       Dungeon |  10941 |  10538 |    403 |   2023 |   6045 |  13 |  841.6 |
        Temple |      1 |      1 |      0 |      0 |      0 |   1 |    1.0 |
  Orcish Mines |     35 |     35 |      0 |      0 |      0 |   1 |   35.0 |
        Bailey |    300 |    300 |      0 |      0 |    166 |   1 |  300.0 |
               +--------+--------+--------+--------+--------+-----+--------+

Top non-repeatable levels by time:
     D:8: 1442 daAuts
     D:4: 1418 daAuts
     D:9: 1380 daAuts
    D:12: 1184 daAuts
     D:6: 794 daAuts
    D:11: 765 daAuts
     D:3: 732 daAuts
    D:10: 694 daAuts
     D:7: 665 daAuts
     D:2: 628 daAuts
     D:5: 526 daAuts
     D:1: 494 daAuts
  Bailey: 300 daAuts
    D:13: 212 daAuts
   Orc:1: 35 daAuts
